 Dungeon Crawl Stone Soup version 0.30.1-3-gfc49f6343a (webtiles) character file.

Game seed: 4213895762656072411

1232 javelincjr the Sneak (level 8, -2/46 HPs)
             Began as an Octopode Summoner on Aug 8, 2023.
             Was an Initiate of Sif Muna.
             Slain by an unseen horror (8 damage)
             ... on level 6 of the Dungeon.
             The game lasted 00:30:19 (5895 turns).

javelincjr the Sneak (Octopode Summoner)            Turns: 5895, Time: 00:30:20

Health: -2/46      AC:  5    Str:  7    XL:     8   Next: 48%
Magic:  3/15       EV: 14    Int: 20    God:    Sif Muna [......]
Gold:   233        SH:  0    Dex: 12    Spells: 10/16 levels left

rFire   + . .        w - +1 spear
rCold   . . .        (no shield)
rNeg    + . .        (helmet restricted)
rPois   +            (no amulet)
rElec   .            m - ring of protection from fire
rCorr   .            s - ring of willpower
SInv    .            t - +4 ring of protection
Will    +....        i - ring "Iwe Ihet" {rPois rN+ Slay+2}
Stlth   ++++         (no ring)
HPRegen 0.27/turn    (no ring)
MPRegen 0.14/turn    (no ring)
                     (no ring)

%: no passive effects
@: no status effects
A: almost no armour, amphibious, 8 rings, camouflage 1, gelatinous body 1,
(nimble swimmer 1), tentacles
a: Renounce Religion


You were on level 6 of the Dungeon.
You worshipped Sif Muna.
Sif Muna was noncommittal.
You visited 2 branches of the dungeon, and saw 7 of its levels.

You collected 233 gold pieces.

Inventory:

Hand Weapons
 w - a +1 spear (weapon)
Missiles
 b - 6 atropa-tipped darts
Magical Staves
 g - a staff of earth
 h - a staff of death
 j - a staff of conjuration
Jewellery
 i - the ring "Iwe Ihet" (on tentacle) {rPois rN+ Slay+2}
   (You found it on level 5 of the Dungeon)

   [ring of poison resistance]

   Slay:      It affects your accuracy & damage with ranged weapons and melee
   (+2).
   rPois:     It protects you from poison.
   rN:        It protects you from negative energy.
 m - a ring of protection from fire (left tentacle)
 s - a ring of willpower (right tentacle)
 t - a +4 ring of protection (on tentacle)
Wands
 e - a wand of flame (24)
Scrolls
 d - a scroll of teleportation
 f - a scroll of vulnerability
Potions
 a - a potion of magic
 c - a potion of lignification {unknown}
 k - 2 potions of attraction
 l - 2 potions of berserk rage
 n - 2 potions of heal wounds
 o - 2 potions of curing {unknown}
 r - a potion of mutation {unknown}
 u - a potion of resistance {unknown}
 v - a potion of brilliance {unknown}


   Skills:
 + Level 5.2 Dodging
 + Level 7.5 Stealth
 + Level 4.8 Spellcasting
 + Level 6.4 Summonings


You had 10 spell levels left.
You knew the following spells:

 Your Spells              Type           Power      Damage    Failure   Level
a - Summon Small Mammal   Summ           100%       N/A       1%          1
b - Call Imp              Summ           60%        N/A       1%          2
c - Call Canine Familiar  Summ           30%        N/A       2%          3

Your spell library contained the following spells:

 Spells                   Type           Power      Damage    Failure   Level
 Summon Guardian Golem    Hex/Summ       17%        N/A       10%         3
 Summon Lightning Spire   Summ/Air       17%        N/A       30%         4
 Ozocubu's Armour         Ice            4%         N/A       34%         3
 Ozocubu's Refrigeration  Ice            2%         4d7       100%        7


Dungeon Overview and Level Annotations

Branches:
Dungeon (6/15)             Temple (1/1) D:5

Altars:
Ashenzari
Cheibriados
Dithmenos
Elyvilon
Gozag
Hepliaklqana
Kikubaaqudgha
Makhleb
Nemelex Xobeh
Okawaru
Ru
Sif Muna
Uskayaw
Vehumet
Wu Jian
Xom
Zin
The Shining One

Annotations:
D:5 Pikel


Innate Abilities, Weirdness & Mutations

You cannot wear most types of armour.
You are amphibious.
You can wear up to eight rings at the same time.
Your skin changes colour to match your surroundings (Stealth+).
Your rubbery body absorbs attacks. (AC +1, EV +1)
((You are camouflaged when in or above water. (Stealth+)))
You have tentacles for arms and can constrict up to eight enemies at once.


Message History

Press: ? - help, Q - select action, (/) - cycle Shift-Dir - straight line Something hits you.
The adder barely misses your cerulean imp.
Your cerulean imp hits the adder with a -1 spear.
The adder bites your cerulean imp but does no damage.
Casting: Call Imp (safe; 1% risk of failure)
Confirm with . or Enter, or press ? or * to list all spells.
Something hits you but does no damage. The adder bites your cerulean imp.
Something closely misses your cerulean imp.
Your cerulean imp hits the adder with a -1 spear.
The adder bites your cerulean imp.
Your cerulean imp hits the adder with a -1 spear.
There is an open door here.
Items here: )) ÷ †††.
You swap places.
Something hits your hound!
Your hound bites something.
Something hits your hound but does no damage.
You see here a ring of positive energy.
Casting: Call Canine Familiar (dangerous; 2% risk of failure)
Confirm with . or Enter, or press ? or * to list all spells.
A tiny devil pulls itself out of the air.
The adder completely misses your hound. Something misses your hound.
Your hound barely misses something.
The adder bites your hound but does no damage.
Your hound barely misses the adder.
You enter the deep water.
Found a bubbling inky potion.
Something hits your hound!
Your hound dies!
Your hound's corpse disappears in a puff of smoke!
Your cerulean imp hits the adder from afar with a -1 spear.
The adder dies!
Sif Muna accepts your kill. Something hits you. Something hits you!
* * * LOW HITPOINT WARNING * * *
Casting: Call Imp (safe; 1% risk of failure)
Confirm with . or Enter, or press ? or * to list all spells.
Something hits you!
* * * LOW HITPOINT WARNING * * *
Something hits you!
You die...

##....#....## #########
#.....#!....# #........
##...#####...###.#######
#......#......#.......##
#...[.)#:.....###.###.##
#[.....).....[##...<#.##
#....h?{/.....##....#.##
#......@......#######.##
##...≈5≈≈≈...## #.##
#....=.?....# #.##
#######...†.....## #.##
#.....###...).### ...#
#.#.......###)################
#.#.......#...##..h...........
..........S..###.#############
#...#+###.######.#


You could see a friendly hound (summoned) and a friendly cerulean imp
(summoned).

Vanquished Creatures
  A water moccasin (D:4)
  A lemure (D:4)
  2 scorpions
  A hound (D:6)
  3 iguanas
  2 orc wizards (D:5)
  4 adders
  A shadow imp (D:6)
  2 white imps
  2 worms (D:2)
  A dart slug (D:3)
  4 orcs
  2 endoplasms
  A giant cockroach (D:2)
  A goblin (D:1)
  2 hobgoblins
  3 kobolds
  3 quokkas
  4 ball pythons
  3 bats
  A frilled lizard (D:3)
  A rat (D:3)
45 creatures vanquished.

Vanquished Creatures (collateral kills)
  Sigmund (D:5)
  An ogre (D:4)
  2 lemures (D:4)
  Blork the orc (D:4)
  2 scorpions
  A howler monkey (D:6)
  2 hounds (D:6)
  A jelly (D:6)
  8 gnolls
  7 adders
  An ufetubus (D:6)
  3 dart slugs
  6 orcs
  7 endoplasms
  A giant cockroach (D:4)
  4 hobgoblins
  4 kobolds
  2 quokkas (D:1)
  A bat (D:1)
  A frilled lizard (D:3)
  2 rats
58 creatures vanquished.

Grand Total: 103 creatures vanquished

Notes
Turn   | Place    | Note
-------+----------+-------------------------------------------
     0 | D:1      | javelincjr the Octopode Summoner began the quest for the
                  | Orb.
     0 | D:1      | Reached XP level 1. HP: 11/11 MP: 3/3
   283 | D:1      | Reached skill level 3 in Stealth
   283 | D:1      | Reached XP level 2. HP: 17/17 MP: 5/5
   286 | D:1      | Learned a level 2 spell: Call Imp
   848 | D:2      | Reached XP level 3. HP: 20/21 MP: 2/6
  1454 | D:3      | Reached XP level 4. HP: 27/27 MP: 3/7
  1908 | D:3      | Found a faded altar of an unknown god.
  2180 | D:3      | Reached skill level 4 in Stealth
  2222 | D:3      | Reached XP level 5. HP: 31/31 MP: 1/9
  3059 | D:4      | Noticed a water moccasin
  3065 | D:4      | Learned a level 3 spell: Call Canine Familiar
  3088 | D:4      | Killed a water moccasin
  3089 | D:4      | Reached skill level 5 in Stealth
  3089 | D:4      | Reached skill level 5 in Summonings
  3089 | D:4      | Reached XP level 6. HP: 24/36 MP: 2/10
  3491 | D:4      | Noticed Blork the orc
  3507 | D:4      | Killed Blork the orc
  3611 | D:4      | Reached XP level 7. HP: 41/41 MP: 8/12
  3756 | D:5      | Entered Level 5 of the Dungeon
  3868 | D:5      | Noticed Pikel
  4071 | D:5      | Found a staircase to the Ecumenical Temple.
  4078 | Temple   | Entered the Ecumenical Temple
  4093 | Temple   | Became a worshipper of Sif Muna the Loreminder
  4286 | D:5      | Reached skill level 6 in Stealth
  4801 | D:5      | Noticed Sigmund
  5153 | D:5      | Identified the ring "Iwe Ihet" {rPois rN+ Slay+2}
  5318 | D:5      | Killed Sigmund
  5319 | D:5      | Reached XP level 8. HP: 46/46 MP: 8/14
  5592 | D:6      | Reached skill level 7 in Stealth
  5671 | D:6      | Reached skill level 5 in Dodging
  5895 | D:6      | Slain by an unseen horror

Illustrated notes

Levels and vault maps discovered:
D:1:      lightli_arrival_flooded_house, layout_basic, minmay_close_crescents
D:2:      layout_rooms, st_stairs_6
D:3:      layout_basic, shapermc_ecumenical_altar_mp_vishouse
D:4:      layout_basic, uniq_blork_the_orc
D:5:      lemuel_ice_spiral_2, layout_basic, minmay_temple_entry_junction,
          small_statue_intersection, uniq_sigmund, uniq_pikel
D:6:      layout_basic, trog_ov_bears_minmay, minivault_4, grunt_potential,
          uniq_duvessa, uniq_menkaure
Temple:   compressed_dpeg_circular_temple

Skill      XL: |  1  2  3  4  5  6  7  8 |
---------------+-------------------------+-----
Stealth        | 3 4 5 6 7 |  7.5
Dodging        | 3 4 5 |  5.2
Spellcasting   | 3 4 |  4.8
Summonings     | 5 6 |  6.4

Action                     |  1- 3 |  4- 6 |  7- 9 || total
---------------------------+-------+-------+-------++-------
  Melee: Short sword       |    20 |       |       ||    20
         Constrict         |     9 |    11 |    14 ||    34
         Tentacles         |     5 |    16 |    15 ||    36
         Unarmed           |     1 |       |       ||     1
         Dagger            |    19 |    57 |       ||    76
         Punch             |     1 |     1 |       ||     2
         Spear             |       |       |    84 ||    84
   Cast: Summon Small Mamm |    23 |    22 |    13 ||    58
         Call Imp          |    10 |    17 |    26 ||    53
         Call Canine Famil |       |     5 |    28 ||    33
  Evoke: Wand              |       |       |     3 ||     3
    Use: Scroll            |       |       |    10 ||    10
         Potion            |       |       |     2 ||     2
   Stab: Sleeping          |     2 |     3 |     2 ||     7
         Distracted        |     1 |     1 |       ||     2
 Armour: Skin              |     2 |     2 |    18 ||    22
  Dodge: Dodged            |    31 |    27 |    45 ||   103
